 Dungeon Crawl Stone Soup version 0.27-a0-836-gfc908b8576 (webtiles) character file.

Game seed: 4133744542329426481

1286 polve the Grappler (level 8, -3/71 HPs)
             Began as a Green Draconian Transmuter on Apr 1, 2021.
             Slain by a phantom (4 damage)
             ... on level 6 of the Dungeon.
             The game lasted 00:07:35 (6683 turns).

polve the Grappler (Green Draconian Transmuter)     Turns: 6683, Time: 00:07:36

Health: -3/71      AC:  7    Str: 12    XL:     8   Next: 30%
Magic:  10/11      EV: 12    Int: 17    God:
Gold:   298        SH:  0    Dex: 11    Spells: 8/11 levels left

rFire    . . .     SeeInvis .     - Unarmed
rCold    . . .     Faith    .   (no shield)
rNeg     . . .     Spirit   .   (armour unavailable)
rPois    +         Reflect  .   (helmet currently unavailable)
rElec    .         Harm     .   (no cloak)
rCorr    .         Rampage  .   c - +0 pair of gloves
Will     .....                  (boots currently unavailable)
Stlth    +.........             e - amulet of magic regeneration
HPRegen  0.21/turn              (no ring)
MPRegen  0.37/turn              (no ring)

@: short of breath, appendages (expiring), invisible
A: horns 2, talons 2, breathe noxious fumes, AC +6, unfitting armour, poison
resistance, cold-blooded
a: Breathe Noxious Fumes, End Transformation


You were on level 6 of the Dungeon.
You had temporarily grown beastly horns and talons.
You visited 2 branches of the dungeon, and saw 7 of its levels.

You collected 298 gold pieces.

Inventory:

Armour
 b - a +1 hat
 c - a +0 pair of gloves (worn)
Jewellery
 e - an amulet of magic regeneration (around neck)
Wands
 l - a wand of mindburst (14)
Scrolls
 a - a scroll of enchant weapon {unknown}
 d - 3 scrolls of enchant armour {unknown}
 f - a scroll of identify {unknown}
 g - a scroll of noise {unknown}
 h - a scroll of brand weapon {unknown}
 i - a scroll of fear {unknown}
Potions
 k - a potion of flight {unknown}
 m - a potion of degeneration {unknown}


   Skills:
 + Level 6.3 Fighting
 - Level 1.7 Dodging
 * Level 8.8 Unarmed Combat
 - Level 2.0 Spellcasting
 - Level 2.0 Transmutations


You had 8 spell levels left.
You knew the following spells:

 Your Spells              Type           Power      Damage    Failure   Level
a - Beastly Appendage     Tmut           16%        N/A       9%          1
b - Blink                 Tloc           N/A        N/A       28%         2

Your spell library contained the following spells:

 Spells                   Type           Power      Damage    Failure   Level
 Wereblood                Tmut           8%         N/A       13%         2
 Magic Dart               Conj           4%         1d3       19%         1
 Call Imp                 Summ           1%         N/A       28%         2
 Slow                     Hex            1%         N/A       28%         2
 Spider Form              Tmut/Pois      2%         N/A       36%         3
 Conjure Flame            Conj/Fire      1%         6-21      50%         3
 Mephitic Cloud           Conj/Pois/Air  1%         N/A       50%         3
 Ice Form                 Ice/Tmut       5%         N/A       77%         4
 Hydra Form               Tmut           4%         N/A       93%         5
 Bolt of Magma            Conj/Fire/Erth 0%         4d4       99%         5
 Iskenderun's Battlesphe  Conj           1%         2d6       99%         5
 Iron Shot                Conj/Erth      0%         9d1       100%        6
 Orb of Destruction       Conj           0%         N/A       100%        7
 Spellforged Servitor     Conj/Summ      0%         N/A       100%        7


Dungeon Overview and Level Annotations

Branches:
Dungeon (6/15)             Temple (1/1) D:4

Altars:
Ashenzari
Cheibriados
Dithmenos
Elyvilon
Fedhas
Gozag
Hepliaklqana
Kikubaaqudgha
Makhleb
Nemelex Xobeh
Okawaru
Qazlal
Ru
Sif Muna
Trog
Uskayaw
Wu Jian
Xom
Yredelemnul
Zin
The Shining One

Portals:
Sewer: D:6


Innate Abilities, Weirdness & Mutations

You have temporarily grown beastly horns and talons.
You can breathe blasts of noxious fumes.
Your lurid green scales are hard. (AC +6)
You cannot fit into any form of body armour.
Your system is resistant to poisons. (rPois)
You are cold-blooded and may be slowed by cold attacks.


Message History

Confirm with . or Enter, or press ? or * to list all spells.
You escape the ball python's grasp.
You blink.
Press: ? - help, Shift-Dir - straight line, p - phantom You exhale a blast of noxious fumes.
The blast of choking fumes hits the necrophage.
The necrophage completely resists.
The blast of choking fumes misses the kobold.
The kobold is engulfed in noxious fumes.
The kobold appears confused.
Casting: Blink (dangerous; 28% risk of failure)
Confirm with . or Enter, or press ? or * to list all spells.
You grow a pair of large bovine horns.
Your feet morph into talons.
You closely miss the phantom.
You tail-slap the phantom, but do no damage.
The phantom is almost destroyed.
The necrophage closely misses you.
The kobold is engulfed in noxious fumes.
The kobold appears confused.
You hit the phantom but do no damage. Your headbutt misses the phantom.
The phantom is almost destroyed.
The phantom barely misses you.
The necrophage hits you but does no damage.
You closely miss the phantom.
The phantom is almost destroyed.
The kobold is engulfed in noxious fumes.
The kobold appears confused.
You kill the kobold!
The phantom hits you.
* * * LOW HITPOINT WARNING * * *
The phantom blinks!
You blink.
The worm is engulfed in noxious fumes.
The worm appears confused.
You hit the phantom. Your kick misses the phantom.
The phantom is almost destroyed.
Your transformation is almost over.
The phantom hits you!
* * * LOW HITPOINT WARNING * * *
It was a potion of invisibility.
You fade into invisibility!
The phantom hits you.
You die...

###........≈≈.....≈≈.#
#........##≈≈≈≈≈##.#
#....###.##≈≈≈≈≈##.#
#....###.......... #
##................
#..)#####........
##....#.##........
#.............#
#....>.w.n@W.##
#.....§§S.........
...####......##....
#### #.........###
#...##.... #...## ....
#..... ....# ##....
##### ##...


You could see a phantom, a necrophage, a worm (confused) and a ball python.

Vanquished Creatures
  Sigmund (D:5)
  A necrophage (D:3)
  A phantom (D:6)
  3 centaurs
  A kobold brigand (D:6)
  2 scorpions (D:5)
  2 howler monkeys
  3 hounds
  A centaur zombie (D:5)
  A bullfrog zombie (D:5)
  A bullfrog skeleton (D:5)
  3 iguanas
  A scorpion zombie (D:5)
  A hound skeleton (D:5)
  4 adders
  A shadow imp (D:4)
  2 white imps (D:5)
  An ufetubus (D:4)
  2 worms
  3 dart slugs
  8 orcs
  3 ball pythons
  7 bats
  6 endoplasms
  A giant cockroach (D:4)
  7 goblins
  6 hobgoblins
  14 jackals
  2 quokkas
  3 frilled lizards
  11 kobolds
  4 rats
107 creatures vanquished.

Notes
Turn   | Place    | Note
-------+----------+-------------------------------------------
     0 | D:1      | polve the Draconian Transmuter began the quest for the Orb.
     0 | D:1      | Reached XP level 1. HP: 16/16 MP: 3/3
   408 | D:1      | Reached XP level 2. HP: 23/23 MP: 3/5
   411 | D:1      | Learned a level 2 spell: Blink
  1316 | D:2      | Reached XP level 3. HP: 29/29 MP: 6/6
  1873 | D:2      | Reached skill level 4 in Unarmed Combat
  2406 | D:3      | Noticed a necrophage
  2417 | D:3      | Killed a necrophage
  2418 | D:3      | Reached skill level 5 in Unarmed Combat
  2418 | D:3      | Reached XP level 4. HP: 35/38 MP: 7/7
  2452 | D:3      | Reached XP level 5. HP: 45/45 MP: 8/8
  2771 | D:3      | Noticed a centaur
  2790 | D:3      | Killed a centaur
  3588 | D:4      | Reached XP level 6. HP: 52/52 MP: 9/9
  3729 | D:4      | Found an opulent altar of Gozag.
  3781 | D:4      | Found a staircase to the Ecumenical Temple.
  3836 | Temple   | Entered the Ecumenical Temple
  4024 | D:4      | Reached skill level 6 in Unarmed Combat
  4558 | D:5      | Entered Level 5 of the Dungeon
  4621 | D:5      | Found a white marble altar of Elyvilon.
  4864 | D:5      | Your scales start taking on a lurid green colour.
  4864 | D:5      | Reached XP level 7. HP: 6/60 MP: 10/10
  4864 | D:5      | Gained mutation: Your system is resistant to poisons.
                  | (rPois) [Green Draconian growth]
  4867 | D:5      | HP: 3/60 [poisoned by a scorpion]
  5198 | D:5      | Reached skill level 7 in Unarmed Combat
  5251 | D:5      | Found a blossoming altar of Fedhas.
  5353 | D:5      | Reached skill level 5 in Fighting
  5551 | D:5      | Noticed Sigmund
  5582 | D:5      | Killed Sigmund
  5820 | D:5      | Reached skill level 8 in Unarmed Combat
  6126 | D:5      | Reached XP level 8. HP: 60/70 MP: 11/11
  6643 | D:6      | Found a glowing drain.
  6682 | D:6      | HP: 1/71 [phantom (9)]
  6683 | D:6      | Slain by a phantom

Illustrated notes

Levels and vault maps discovered:
D:1:      psy_arrival_fountain, layout_loops_ring
D:2:      layout_rooms
D:3:      layout_loops_corners, minmay_misc_feat_iff
D:4:      layout_basic, minmay_temple_entry_nine_rooms, grunt_gozag_breadcrumbs
D:5:      cheibrodos_helix_gallery, layout_basic, lemuel_round_altar,
          fedhas_altar_3, uniq_sigmund
D:6:      layout_cave_pools, ebering_ghost_sewer_f,
          cheibrodos_sewer_entry_sluice, grunt_ministairs_6, lightli_orcish_oven
Temple:   regret_index_temple_chain_breaker

Skill      XL: |  1  2  3  4  5  6  7  8 |
---------------+-------------------------+-----
Fighting       | 2 3 4 5 6 |  6.3
Unarmed Combat | 5 6 8 |  8.8
Dodging        | |  1.7
Spellcasting   | |  2.0
Transmutations | |  2.0

Action                   |  1- 3 |  4- 6 |  7- 9 || total
-------------------------+-------+-------+-------++-------
Melee: Unarmed           |   128 |   175 |    92 ||   395
       Kick              |    17 |    33 |     9 ||    59
       Punch             |     1 |     5 |     3 ||     9
       Headbutt          |    13 |    17 |    10 ||    40
       Tailslap          |     6 |    15 |    14 ||    35
 Cast: Beastly Appendage |    24 |    25 |     8 ||    57
       Blink             |       |       |     2 ||     2
 Abil: Breathe Noxious F |       |       |    14 ||    14
  Use: Potion            |       |     4 |     1 ||     5
 Stab: Confused          |       |       |     4 ||     4
Armor: Skin              |    51 |    67 |    36 ||   154
Dodge: Dodged            |    82 |   117 |    45 ||   244

Table legend: (Time is in decaauts)
 A = Elapsed time spent in this place.
 B = Non-inter-level travel time spent in this place.
 C = Inter-level travel time spent in this place.
 D = Time resting spent in this place.
 E = Time spent auto-exploring this place.
 F = Levels seen in this place.
 G = Mean time per level.
                   A        B        C        D        E       F      G
               +--------+--------+--------+--------+--------+-----+--------+
         Total |   6649 |   6456 |    193 |    286 |   5226 |   7 |  949.9 |
       Dungeon |   6498 |   6310 |    188 |    286 |   5082 |   6 | 1083.0 |
        Temple |    150 |    145 |      5 |      0 |    144 |   1 |  150.0 |
               +--------+--------+--------+--------+--------+-----+--------+

Top non-repeatable levels by time:
     D:5: 1781 daAuts
     D:1: 1491 daAuts
     D:3: 1335 daAuts
     D:4: 828 daAuts
     D:2: 731 daAuts
     D:6: 329 daAuts
  Temple: 150 daAuts
